 Dungeon Crawl Stone Soup version 0.29-a0-474-gdfe5cd140f (webtiles) character file.

Game seed: 3076176635337676661

343 Linklo the Poker (level 6, -8/56 HPs)
             Began as a Minotaur Berserker on May 23, 2022.
             Was a Believer of Trog.
             Mangled by an ogre
             ... wielding a +0 giant spiked club
              (11 damage)
             ... on level 4 of the Dungeon.
             The game lasted 00:25:51 (3626 turns).

Linklo the Poker (Minotaur Berserker)               Turns: 3626, Time: 00:25:53

Health: -8/56      AC: 10    Str: 23    XL:     6   Next: 31%
Magic:  5/5        EV: 10    Int:  4    God:    Trog [**....]
Gold:   238        SH:  3    Dex: 10    Spells: 5/5 levels left

rFire   . . .      SeeInvis .   a - +0 spear
rCold   . . .      Faith    .   j - +0 buckler
rNeg    . . .      Spirit   .   q - +3 scale mail {Will+}
rPois   .          Reflect  .   (helmet restricted)
rElec   .          Harm     .   (no cloak)
rCorr   .          Rampage  .   (no gloves)
Will    +....                   (no boots)
Stlth   ..........              (no amulet)
HPRegen 0.18/turn               (no ring)
MPRegen 0.09/turn               (no ring)

@: no status effects
A: horns 2, retaliatory headbutt
a: Renounce Religion, Berserk, Trog's Hand


You were on level 4 of the Dungeon.
You worshipped Trog.
Trog was pleased with you.
You visited 1 branch of the dungeon, and saw 4 of its levels.

You collected 238 gold pieces.

Inventory:

Hand Weapons
 a - a +0 spear (weapon)
 f - a +1 hand axe of venom
Missiles
 d - 100 stones (quivered)
 r - 3 javelins
Armour
 b - a +0 animal skin
 c - a +0 scale mail {Trog bless us}
 j - a +0 buckler (worn)
 q - a +3 scale mail of willpower (worn)
Scrolls
 e - a scroll of teleportation
 i - a scroll of identify
 l - a scroll of summoning {unknown}
 m - 2 scrolls of immolation
 s - a scroll of enchant armour {unknown}
Potions
 g - a potion of magic
 h - a potion of heal wounds {unknown}
 k - a potion of lignification {unknown}
 n - a potion of might {unknown}
 p - a potion of mutation {unknown}


   Skills:
 + Level 5.0 Fighting
 * Level 6.0 Polearms
 + Level 4.2 Armour
 + Level 3.8 Dodging


You had 5 spell levels left.
You didn't know any spells.
Your spell library was empty.

Dungeon Overview and Level Annotations

Branches:
Dungeon (4/15)
 Temple: D:4-7

Altars:
Gozag
Nemelex Xobeh
Xom
Yredelemnul
The Shining One

Shops:
D:4 =

Annotations:
D:3 Jessica


Innate Abilities, Weirdness & Mutations

You have a pair of horns on your head.
You reflexively headbutt those who attack you in melee.


Message History

Things that are here:
a +1 dagger of pain; a +0 robe An ogre comes into view.
It is wielding a +0 giant spiked club.
The ogre shouts!
Throw: 105 stones
Press: ? - help, Q - select action, (/) - cycle Shift-Dir - straight line, f - ogre
Aim: an ogre, wielding a +0 giant spiked club (73% to hit)
You throw a stone. The stone closely misses the ogre.
Throw: 104 stones
Press: ? - help, Q - select action, (/) - cycle Shift-Dir - straight line, f/p - ogre
Aim: an ogre, wielding a +0 giant spiked club (73% to hit)
You throw a stone. The stone hits the ogre.
The ogre is lightly wounded.
Throw: 103 stones
Press: ? - help, Q - select action, (/) - cycle Shift-Dir - straight line, f/p - ogre
Aim: an ogre, wielding a +0 giant spiked club (lightly wounded, 73% to hit)
You throw a stone. The stone completely misses the ogre.
Throw: 102 stones
Press: ? - help, Q - select action, (/) - cycle Shift-Dir - straight line, f/p - ogre
Aim: an ogre, wielding a +0 giant spiked club (73% to hit)
You throw a stone. The stone hits the ogre.
The ogre is lightly wounded.
Throw: 101 stones
Press: ? - help, Q - select action, (/) - cycle Shift-Dir - straight line, f/p - ogre
Aim: an ogre, wielding a +0 giant spiked club (lightly wounded, 73% to hit)
You throw a stone. The stone barely misses the ogre.
You hit the ogre but do no damage. Your headbutt misses the ogre.
The ogre is lightly wounded.
The ogre hits you with a +0 giant spiked club!!
Ouch! That really hurt!
You hit the ogre.
The ogre is moderately wounded.
You barely miss the ogre.
The ogre is moderately wounded.
The ogre hits you with a +0 giant spiked club!!
* * * LOW HITPOINT WARNING * * *
As you read the scroll of fog, it crumbles to dust.
The scroll dissolves into smoke.
The ogre hits you with a +0 giant spiked club!
You die...

. #. ..# ##. #.# # ..
#.########. ..
#.......... #.
#.#......## . #§
#..).#.....
(...##§#######.#......#.
(.(.(§O@§§........###...
.....####§#.#.###.......
... #.#.### ######.. .
#.#.# ..... #.### ###.##
... ..... ... ...#.# ...
...## # ##.##.#


You could see an ogre.

Vanquished Creatures
  Grinder (D:3)
  Terence (D:3)
  An orc wizard (D:4)
  3 adders (D:2)
  5 dart slugs
  4 orcs
  9 ball pythons
  4 endoplasms
  3 giant cockroaches
  3 goblins
  6 hobgoblins
  2 jackals (D:2)
  2 quokkas
  6 bats
  4 frilled lizards
  9 kobolds
  8 rats
71 creatures vanquished.

Vanquished Creatures (others)
  5 plants (D:3)
5 creatures vanquished.

Grand Total: 76 creatures vanquished

Notes
Turn   | Place    | Note
-------+----------+-------------------------------------------
     0 | D:1      | Linklo the Minotaur Berserker began the quest for the Orb.
     0 | D:1      | Reached XP level 1. HP: 19/19 MP: 0/0
   133 | D:1      | Reached XP level 2. HP: 26/27 MP: 1/1
   669 | D:1      | Found a faded altar of an unknown god.
   798 | D:1      | Reached skill level 4 in Polearms
  1181 | D:2      | Reached XP level 3. HP: 33/33 MP: 2/2
  1566 | D:2      | Reached ** piety under Trog
  1879 | D:3      | Found a sparkling altar of Nemelex Xobeh.
  1910 | D:3      | Reached XP level 4. HP: 40/40 MP: 3/3
  2071 | D:3      | Found a glowing golden altar of the Shining One.
  2133 | D:3      | Found a shimmering altar of Xom.
  2227 | D:3      | Found an opulent altar of Gozag.
  2318 | D:3      | Noticed Jessica
  2346 | D:3      | Noticed Terence
  2352 | D:3      | Killed Terence
  2797 | D:3      | Noticed Grinder
  2809 | D:3      | Killed Grinder
  2810 | D:3      | Reached skill level 5 in Polearms
  2810 | D:3      | Reached XP level 5. HP: 20/47 MP: 4/4
  2810 | D:3      | Reached XP level 6. HP: 23/55 MP: 5/5
  3064 | D:3      | Reached skill level 5 in Fighting
  3459 | D:4      | Found Zumeym's Jewellery Shoppe.
  3518 | D:4      | Reached skill level 6 in Polearms
  3552 | D:4      | Found a basalt altar of Yredelemnul.
  3626 | D:4      | Mangled by an ogre

Illustrated notes

Levels and vault maps discovered:
D:1:      dpeg_arrival_radiant, layout_loops_ring, serial_aquarium,
          aquarium_bridge_square [aquarium_subvault_wall,
          aquarium_subvault_wall, aquarium_subvault_bridge,
          aquarium_subvault_bridge], aquarium_window_1, aquarium_window_fake,
          aquarium_window_fake, aquarium_view_2e, aquarium_view_2c,
          aquarium_balcony_1b, ebering_ecumenical_altar_sacrificial
D:2:      layout_basic, hangedman_decor_points, st_stairs_2
D:3:      layout_loops_corners, grunt_gozag_statues,
          nemelex_xobeh_ov_fountains_minmay, nicolae_overflow_squiral,
          lexackson_kobold_supper, uniq_jessica, uniq_terence, uniq_grinder
D:4:      layout_basic, amcnicky_altar_gilded, grunt_qazlal_clouds,
          minmay_temple_entry_mist, serial_rivers,
          chequers_serial_rivers_small_3, chequers_serial_rivers_small_b,
          chequers_serial_rivers_large_a, chequers_serial_rivers_micro_e,
          chequers_serial_rivers_marsh, serial_shops, nicolae_shop_stone,
          gammafunk_ghost_grave, nrook_mini_vaults

Skill      XL: |  1  2  3  4  5  6 |
---------------+-------------------+-----
Polearms       | 4 5 6 |  6.0
Fighting       | 4 5 |  5.0
Armour         | 3 4 |  4.2
Dodging        | 3 |  3.8

Action                   |  1- 3 |  4- 6 || total
-------------------------+-------+-------++-------
Melee: Spear             |    87 |    80 ||   167
       Headbutt          |     5 |    18 ||    23
Throw: Stone             |    34 |    37 ||    71
       Javelin           |     1 |    13 ||    14
  Use: Scroll            |     4 |     2 ||     6
Armor: Animal skin       |     2 |       ||     2
       Scale mail        |    21 |    18 ||    39
Dodge: Dodged            |    46 |    33 ||    79
Block: Buckler           |     2 |     7 ||     9

Table legend: (Time is in decaauts)
 A = Elapsed time spent in this place.
 B = Non-inter-level travel time spent in this place.
 C = Inter-level travel time spent in this place.
 D = Time resting spent in this place.
 E = Time spent auto-exploring this place.
 F = Levels seen in this place.
 G = Mean time per level.
                   A        B        C        D        E       F      G
               +--------+--------+--------+--------+--------+-----+--------+
         Total |   3624 |   2381 |   1243 |    270 |   1538 |   4 |  906.0 |
       Dungeon |   3624 |   2381 |   1243 |    270 |   1538 |   4 |  906.0 |
               +--------+--------+--------+--------+--------+-----+--------+

Top non-repeatable levels by time:
     D:3: 1647 daAuts
     D:1: 1160 daAuts
     D:2: 647 daAuts
     D:4: 168 daAuts
